 Dungeon Crawl Stone Soup version 0.22-a0-348-gd16d139 (webtiles) character file.

1990 BaronVonScrub the Reanimator (level 9, -11/58 HPs)
             Began as a Demonspawn Necromancer on Apr 7, 2018.
             Was a Priest of Dithmenos.
             Mangled by an orc knight
             ... wielding a +0 war axe
              (30 damage)
             ... in a bailey.
             The game lasted 00:54:56 (7884 turns).

BaronVonScrub the Reanimator (DsNe)                 Turns: 7884, Time: 00:54:57

Health: -11/58     AC:  7    Str:  6      XL:     9   Next: 1%
Magic:  6/20       EV: 13    Int: 21      God:    Dithmenos [***...]
Gold:   451        SH:  0    Dex: 16 (17) Spells: 14/23 levels left

rFire    . . .     SeeInvis .   j - +4 short sword (distort)
rCold    . . .     Gourm    .   (no shield)
rNeg     . . .     Faith    .   r - +2 robe
rPois    .         Spirit   .   (helmet restricted)
rElec    .         Reflect  .   (no cloak)
rCorr    .         Harm     .   (no gloves)
MR       .....                  o - +2 pair of boots
Stlth    ++++......             (no amulet)
HPRegen  0.19/turn              (no ring)
MPRegen  0.17/turn              (no ring)

@: about to teleport, marked, wreathed by umbra
A: antennae 1, thin skeletal structure 2, demonic guardian 1, weak 1
a: Shadow Step, Renounce Religion


You were in a bailey.
You worshipped Dithmenos.
Dithmenos was most pleased with you.
You were not hungry.

You visited 2 branches of the dungeon, and saw 8 of its levels.
You also visited: Bailey.

You collected 451 gold pieces.

Inventory:

Hand Weapons
 b - a +1 dagger
 h - a +2 short sword of protection
 j - a +4 short sword of distortion (weapon)
 s - a +0 fustibalus
Armour
 a - a +0 robe
 g - a +0 robe
 i - a +0 robe
 o - a +2 pair of boots (worn)
 p - a +0 robe
 q - a +0 robe
 r - a +2 robe (worn)
 u - a +0 robe
 w - a +0 robe
 y - a +0 robe
Jewellery
 l - an uncursed ring of resist corrosion
 m - a cursed ring of loudness
 t - an uncursed ring of ice
Wands
 k - a wand of enslavement (16)
 z - a wand of acid (11)
Scrolls
 f - a scroll of teleportation
 x - 4 scrolls of identify
Potions
 d - a potion of haste {unknown}
 e - a potion of curing
 n - a potion of brilliance
 v - 2 potions of might
Comestibles
 c - 4 rations


   Skills:
 + Level 0.4 Fighting
 + Level 2.1 Short Blades
 + Level 2.6 Dodging
 + Level 2.2 Stealth
 + Level 7.7 Spellcasting
 + Level 9.4 Necromancy


You had 14 spell levels left.
You knew the following spells:

 Your Spells              Type           Power        Failure   Level  Hunger
a - Pain                  Necr           ####         1%          1    None
b - Animate Skeleton      Necr           N/A          1%          1    None
c - Animate Dead          Necr           N/A          1%          4    ###....
d - Vampiric Draining     Necr           #####.....   1%          3    None


Dungeon Overview and Level Annotations

Branches:
Dungeon (7/15)             Temple (1/1) D:4

Altars:
Ashenzari
Cheibriados
Dithmenos
Elyvilon
Fedhas
Gozag
Hepliaklqana
Makhleb
Nemelex Xobeh
Okawaru
Qazlal
Ru
Trog
Uskayaw
Vehumet
Wu Jian
Xom
Zin
The Shining One


Innate Abilities, Weirdness & Mutations

You have a pair of small antennae on your head.
You have a moderately thin skeletal structure. (Dex +4, Stealth+)
A weak demonic guardian rushes to your aid.
You are weak. (Str -2)


Message History

Your iron imp dies!
Really walk onto that alarm trap?
The alarm trap emits a blaring wail!
A sentinel's mark forms upon you.
You hear a shout!
You hear a blaring wail to the south.
There is an empty arch of ancient stone here.
There is nothing on the other side of the stone arch.
Casting: Pain (safe; 1% risk of failure)
Confirm with . or Enter, or press ? or * to list all spells.
Aiming: Pain (safe; 1% risk of failure)
Press: ? - help, Shift-Dir - straight line, f/p - orc warrior
Aim: an orc warrior, wielding a war axe and wearing a shiny ring mail (almost dead, unusually strong, umbra, chance to defeat MR: 84%)
The orc warrior writhes in agony!
The orc warrior closely misses you.
A hobgoblin comes into view. It is wielding an enchanted hand axe.
As you read the scroll of teleportation, it crumbles to dust.
You feel strangely unstable. The orc warrior closely misses you.
The orc knight hits you with a war axe!!
Ouch! That really hurt!
You die...

▓▓▓
▓)▓
▓▓▓▓▓
▓.@.▓
▓oo.▓
▓.o(▓
##)##
K≈g≈{
##≈.≈#


K≈g≈K ##≈.≈## .≈.≈K You could see 2 orc knights, an orc warrior, a hobgoblin and
a goblin.

Vanquished Creatures
  Prince Ribbit (D:5)
  A hungry ghost (D:4)
  2 orc warriors
  An ice beast (D:4)
  A centaur (D:6)
  2 ogres
  A big kobold (D:4)
  A bullfrog (D:5)
  Blork the orc (D:6)
  2 scorpions
  2 crimson imps (D:6)
  A hound (D:4)
  A gnoll shaman (D:4)
  An orc priest (D:4)
  Jessica (D:3)
  An orc wizard (D:4)
  4 worker ants
  5 gnolls (D:4)
  9 adders
  5 river rats (D:6)
  3 worms (D:4)
  3 dart slugs
  5 leopard geckos
  16 orcs
  2 ball pythons
  3 bats
  8 giant cockroaches
  5 goblins
  8 hobgoblins
  9 jackals
  41 kobolds
  3 quokkas
  3 frilled lizards
  A jackal skeleton (D:6)
  A leopard gecko skeleton (D:6)
  19 rats
173 creatures vanquished.

Vanquished Creatures (collateral kills)
  Sigmund (D:6)
  A phantom (D:4)
  2 big kobolds (D:4)
  A scorpion (D:4)
  A crimson imp (D:5)
  A bullfrog skeleton (D:4)
  A worker ant (D:6)
  2 gnolls (D:4)
  An adder (D:6)
  A shadow imp (D:5)
  A worm (D:3)
  A leopard gecko (D:4)
  2 orcs
  A hobgoblin (D:1)
  9 kobolds
  2 rats (D:6)
28 creatures vanquished.

Vanquished Creatures (others)
  A river rat (D:6)
  A hobgoblin (D:3)
  A quokka zombie (D:6)
  A fungus (D:5)
4 creatures vanquished.

Grand Total: 205 creatures vanquished

Notes
Turn   | Place    | Note
-------+----------+-------------------------------------------
     0 | D:1      | BaronVonScrub the Demonspawn Necromancer began the quest for the Orb.
     0 | D:1      | Reached XP level 1. HP: 13/13 MP: 3/3
    59 | D:1      | Learned a level 1 spell: Animate Skeleton
   306 | D:1      | Gained mutation: You have a somewhat thin skeletal structure. (Dex +2, Stealth) [demonic ancestry]
   306 | D:1      | Reached XP level 2. HP: 17/19 MP: 1/5
   493 | D:1      | Reached skill level 5 in Necromancy
   564 | D:1      | Found a glowing silver altar of Zin.
   845 | D:2      | Gained mutation: You are somewhat resistant to further mutation. [potion of mutation]
   845 | D:2      | Lost mutation: You are somewhat resistant to further mutation. [potion of mutation]
   845 | D:2      | Gained mutation: You are weak. (Str -2) [potion of mutation]
   845 | D:2      | Gained mutation: You have a pair of small antennae on your head. [potion of mutation]
   864 | D:2      | Gained mutation: A weak demonic guardian rushes to your aid. [demonic ancestry]
   864 | D:2      | Reached XP level 3. HP: 23/24 MP: 3/6
  1524 | D:3      | Reached skill level 1 in Short Blades
  1613 | D:3      | Reached XP level 4. HP: 16/30 MP: 4/8
  1932 | D:3      | Learned a level 4 spell: Animate Dead
  2062 | D:3      | Noticed Jessica
  2065 | D:3      | Killed Jessica
  2074 | D:3      | Found a stormy altar of Qazlal.
  2222 | D:3      | Reached XP level 5. HP: 23/35 MP: 3/10
  3068 | D:4      | Reached skill level 6 in Necromancy
  3250 | D:4      | Learned a level 3 spell: Vampiric Draining
  3261 | D:4      | Gained mutation: You have a moderately thin skeletal structure. (Dex +4, Stealth+) [demonic ancestry]
  3261 | D:4      | Reached XP level 6. HP: 33/41 MP: 0/12
  3595 | D:4      | Found a white marble altar of Elyvilon.
  3596 | D:4      | Found a burning altar of Makhleb.
  3798 | D:4      | Noticed a hungry ghost
  3809 | D:4      | Killed a hungry ghost
  3848 | D:4      | Found a staircase to the Ecumenical Temple.
  3863 | Temple   | Entered the Ecumenical Temple
  4016 | Temple   | Became a worshipper of Dithmenos the Shadowed
  4048 | D:4      | Reached XP level 7. HP: 34/46 MP: 0/14
  4160 | D:4      | Reached skill level 5 in Spellcasting
  4238 | D:4      | Reached skill level 7 in Necromancy
  4633 | D:4      | Reached * piety under Dithmenos
  5513 | D:4      | Found a hide-covered altar of Uskayaw.
  5602 | D:4      | Reached XP level 8. HP: 47/53 MP: 10/17
  5605 | D:4      | Found a blossoming altar of Fedhas.
  5781 | D:5      | Entered Level 5 of the Dungeon
  5881 | D:5      | Reached ** piety under Dithmenos
  5881 | D:5      | Reached skill level 8 in Necromancy
  5889 | D:5      | Noticed Prince Ribbit
  5993 | D:5      | Killed Prince Ribbit
  6203 | D:6      | Noticed Sigmund
  6211 | D:6      | Killed Sigmund
  6579 | D:6      | Reached skill level 9 in Necromancy
  7049 | D:6      | Noticed Blork the orc
  7066 | D:6      | Killed Blork the orc
  7257 | D:6      | Reached *** piety under Dithmenos
  7532 | D:6      | Found an iron altar of Okawaru.
  7839 | D:7      | Found a flagged portal.
  7847 | Bailey   | Entered a bailey
  7872 | Bailey   | Noticed an orc knight
  7872 | Bailey   | Mutation became permanent: You have a pair of small antennae on your head. [demonic ancestry]
  7872 | Bailey   | Gained mutation: You have a pair of small antennae on your head. [demonic ancestry]
  7872 | Bailey   | Reached XP level 9. HP: 46/58 MP: 9/20
  7876 | Bailey   | Noticed an orc knight
  7884 | Bailey   | Mangled by an orc knight

Vault maps used:
D:1:      dpeg_arrival_three_same_balls, minmay_hexomino_r4
D:3:      minmay_misc_feat_rows, grunt_qazlal_clouds, uniq_jessica
D:4:      minmay_goblin_kobold_castle, fedhas_altar_fruit_tree, kennysheep_mini,
          gammafunk_temple_overflow_wave, minmay_temple_entry_junction,
          first_ration
D:5:      water_boxes_lemuel, uniq_prince_ribbit1, uniq_edmund
D:6:      kennysheep_mini_moat, dk_rats_in_the_wall, uniq_sigmund,
          uniq_blork_the_orc
D:7:      enter_bailey_2, grunt_livestock
Temple:   dshaligram_water_room_temple
Bailey:   bailey_axe_1, bailey

Skill      XL: |  1  2  3  4  5  6  7  8 |
---------------+-------------------------+-----
Necromancy     | 5 6 7 9 |  9.4
Short Blades   | 1 2 |  2.1
Spellcasting   | 3 4 6 7 |  7.7
Dodging        | 2 |  2.6
Stealth        | 2 |  2.2
Fighting       | |  0.4

Action                   |  1- 3 |  4- 6 |  7- 9 || total
-------------------------+-------+-------+-------++-------
Melee: Dagger            |    11 |       |       ||    11
       Short sword       |    26 |    42 |    65 ||   133
 Cast: Pain              |    63 |   110 |   201 ||   374
       Animate Skeleton  |    17 |     4 |     3 ||    24
       Animate Dead      |       |     4 |    22 ||    26
       Vampiric Draining |       |       |     6 ||     6
  Use: Scroll            |     5 |     6 |    11 ||    22
       Potion            |     4 |     2 |       ||     6
  Eat: Chunk             |     3 |     4 |     4 ||    11
       Ration            |       |     2 |     3 ||     5
Armor: Robe              |     9 |    19 |    33 ||    61
Dodge: Dodged            |    28 |    39 |   106 ||   173

Table legend:
 A = Spawn XP
 B = Non-spawn XP
 C = Spawn XP percentage of total XP
 D = Spawn monster count
 E = Non-spawn monster count
 F = Spawn count percentage of total count
 G = Total turns spent on level
                    A         B        C        D         E        F      G
               +---------+---------+-------+---------+---------+-------+---------
         Total |       0 |    2843 |   0.0 |       0 |     203 |   0.0 |  7884
               +---------+---------+-------+---------+---------+-------+---------
           D:1 |       0 |      29 |   0.0 |       0 |      17 |   0.0 |   775
           D:2 |       0 |      57 |   0.0 |       0 |      19 |   0.0 |   738
           D:3 |       0 |     139 |   0.0 |       0 |      22 |   0.0 |  1222
           D:4 |       0 |    1203 |   0.0 |       0 |      92 |   0.0 |  2923
           D:5 |       0 |     552 |   0.0 |       0 |       7 |   0.0 |   323
           D:6 |       0 |     749 |   0.0 |       0 |      42 |   0.0 |  1672
        Bailey |       0 |     114 |   0.0 |       0 |       4 |   0.0 |    37
               +---------+---------+-------+---------+---------+-------+---------
